 Dungeon Crawl Stone Soup version 0.17.2-1-ge4368a0 (webtiles) character file.

95 diggydiggyhole the Cudgeler (level 4, -4/23 HPs)
             Began as a Vine Stalker Chaos Knight on Apr 5, 2017.
             Slain by an orc priest
             ... wielding a +0 flail
              (7 damage)
             ... on level 3 of the Dungeon.
             The game lasted 00:02:00 (1640 turns).

diggydiggyhole the Cudgeler (VSCK)                  Turns: 1640, Time: 00:02:00

Health: -4/23      AC:  5    Str: 15    XL:     4   Next: 66%
Magic:  0/5        EV: 11    Int: 13    God:    Xom [..*...]
Gold:   75         SH:  0    Dex: 13    Spells: 0 memorised, 3 levels left

rFire  . . .     SeeInvis .     a - +0 mace (chaos)
rCold  . . .     Clarity  .     b - +2 leather armour
rNeg   . . .     SustAt   .     (no shield)
rPois  .         Gourm    .     (no helmet)
rElec  .         Spirit   +     (no cloak)
rCorr  .         Warding  .     (no gloves)
rMut   .         Stasis   .     (no boots)
MR     .....                    (no amulet)
Stlth  +.........               (no ring)
                                (no ring)

@: not resistant to hostile enchantments, very unstealthy
A: fangs 2, regeneration 1, magic shield, antimagic bite, no device heal 3, rot
immunity
a: Renounce Religion


You were on level 3 of the Dungeon.
You worshipped Xom.
You were a toy of Xom.
You were not hungry.

You visited 1 branch of the dungeon, and saw 3 of its levels.

You collected 75 gold pieces.

Inventory:

Hand Weapons
 a - a +0 mace of chaos (weapon)
Armour
 b - a +2 leather armour (worn)
 r - a +1 leather armour of cold resistance
Jewellery
 f - a +3 ring of protection {unknown}
 g - an uncursed ring of protection from magic {unknown}
Scrolls
 d - 3 scrolls of remove curse {unknown}
 e - 3 scrolls of identify {unknown}
 i - 3 scrolls of enchant armour {unknown}
 k - a scroll of fog {unknown}
Potions
 h - a potion of haste {unknown}
 m - a potion of magic {unknown}
 n - 2 potions of poison {unknown}
 o - a potion of agility {unknown}
 q - 2 potions of resistance {unknown}
Comestibles
 c - 2 bread rations
 j - a beef jerky
 l - a slice of pizza
 p - a royal jelly


   Skills:
 - Level 2.6 Fighting
 + Level 4.7 Maces & Flails
 - Level 1.5 Armour
 - Level 0.7 Dodging


You had 3 spell levels left.
You didn't know any spells.

Dungeon Overview and Level Annotations

Branches:
Dungeon (3/15)

Altars:
Qazlal


Innate Abilities, Weirdness & Mutations

You have extremely sharp teeth.
Your natural rate of healing is unusually fast.
When hurt, damage is shared between your health and your magic reserves.
Your bite disrupts and absorbs the magic of your enemies.
Potions and wands cannot restore your health.
You are immune to rotting.


Message History

Xom thinks this is hilarious!
Your bite misses the orc priest. The orc priest misses you.
You closely miss the orc priest. You bite the orc priest. You drain its power.
You feel invigorated.
The orc priest is lightly wounded.
The orc priest hits you with a flail.
An orc comes into view.
You closely miss the orc priest.
You bite the orc priest, but do no damage.
The orc priest is lightly wounded.
The orc priest invokes the aid of Beogh against you.
Something smites you!
* * * LOW HITPOINT WARNING * * *
The orc priest calls down the wrath of Beogh upon you.
You struggle to resist.
You closely miss the orc priest.
The orc priest is lightly wounded.
The orc priest hits you with a flail!
You die...
Xom cackles wildly!

# ..# ###.# # ##r.#..#
#.....#
##..#_#.###.#.#.###
(...#..##........
#.....##..#.#.#
....<..b.....#
#.....#(..#####
#.#######.b...(<.......
...o.ro@§§#.......#####
#.#########.##.#.......
#.##(######## #.##†#
#.##.# ..##)# ####.#
#.# #.#


You could see an orc priest, an orc and a rat.

Vanquished Creatures
  3 gnolls
  2 adders
  A worm (D:2)
  4 orcs (D:3)
  3 bats
  2 goblins (D:2)
  8 hobgoblins
  A ball python (D:1)
  A giant cockroach (D:2)
  3 giant geckos
  2 giant newts (D:2)
  9 kobolds
  3 rats
42 creatures vanquished.

Notes
Turn   | Place    | Note
--------------------------------------------------------------
     0 | D:1      | diggydiggyhole the Vine Stalker Chaos Knight began the quest for the Orb.
     0 | D:1      | Reached XP level 1. HP: 11/11 MP: 2/2
   101 | D:1      | Reached skill level 3 in Maces & Flails
   229 | D:1      | XOM: harmless Hex miscast
   235 | D:1      | Reached XP level 2. HP: 14/16 MP: 3/3
   302 | D:1      | XOM: silly message
   303 | D:1      | XOM: harmless Trmt miscast
   318 | D:1      | XOM: harmless Ice miscast
   335 | D:1      | XOM: divination: magic mapping
   704 | D:2      | XOM: silly message
   725 | D:2      | XOM: butterfly on damage
   727 | D:2      | Reached XP level 3. HP: 8/19 MP: 2/4
   788 | D:2      | XOM: butterfly on damage
   836 | D:1      | Reached skill level 4 in Maces & Flails
  1001 | D:2      | XOM is BORED!
  1001 | D:2      | XOM: mild Divn miscast
  1089 | D:2      | Found a stormy altar of Qazlal.
  1116 | D:2      | Reached XP level 4. HP: 21/23 MP: 5/5
  1490 | D:2      | XOM: harmless Trmt miscast
  1593 | D:3      | Found a faded altar to an unknown god.
  1630 | D:3      | XOM: butterfly on damage
  1630 | D:3      | XOM: smoke on damage
  1640 | D:3      | Slain by an orc priest

Action                   |  1- 3 |  4- 6 || total
-------------------------+-------+-------++-------
Melee: Mace              |    77 |    49 ||   126
  Eat: Chunk             |     1 |     1 ||     2
